 Dungeon Crawl Stone Soup version 0.22-a0-825-ga28c36f (webtiles) character file.

60 inc the Changer (level 3, -1/15 HPs)
             Began as a Felid Transmuter on July 24, 2018.
             Slain by an adder (4 damage)
             ... on level 2 of the Dungeon.
             The game lasted 00:01:39 (1606 turns).

inc the Changer (Felid Transmuter)                  Turns: 1606, Time: 00:01:40

Health: -1/15      AC:  1    Str:  6    XL:     3   Next: 82%
Magic:  6/7        EV: 18    Int: 15    God:
Gold:   54         SH:  0    Dex: 16    Spells: 0/6 levels left
                                        Lives:  0   Deaths: 0

rFire    . . .     SeeInvis +     - Unarmed
rCold    . . .     Gourm    .   (shield unavailable)
rNeg     . . .     Faith    .   (armour unavailable)
rPois    .         Spirit   .   (helmet unavailable)
rElec    .         Reflect  .   (cloak unavailable)
rCorr    .         Harm     .   (gloves unavailable)
MR       .....                  (boots unavailable)
Stlth    ++........             (no amulet)
HPRegen  0.05/turn              (no ring)
MPRegen  0.10/turn              (no ring)

@: lethally poisoned (-1 -> -4), quick
A: very small, no armour, no weapons or thrown items, stealth, claws 1, fangs 3,
see invisible, carnivore, speed 1, shaggy fur 1, slow metabolism 1, sharp paws
a: no special abilities


You were on level 2 of the Dungeon.
You were full.

You visited 1 branch of the dungeon, and saw 2 of its levels.

You collected 54 gold pieces.

Inventory:

Missiles
 a - 12 arrows
Jewellery
 i - an uncursed amulet of harm {unknown}
Scrolls
 d - 2 scrolls of teleportation {unknown}
 f - a scroll of remove curse {unknown}
 h - a scroll of random uselessness {unknown}
Potions
 e - a potion of heal wounds {unknown}
 g - a potion of agility {unknown}
Comestibles
 c - 6 rations


   Skills:
 - Level 1.0 Fighting
 - Level 2.6 Dodging
 + Level 3.2 Unarmed Combat
 - Level 2.0 Spellcasting
 + Level 4.4 Transmutations


You couldn't memorise any spells.
You knew the following spells:

 Your Spells              Type           Power        Failure   Level  Hunger
a - Beastly Appendage     Tmut           ##....       3%          1    #......
b - Sticks to Snakes      Tmut           ##......     5%          2    ###....
c - Spider Form           Tmut/Pois      #.........   26%         3    ###....

Your spell library contained the following spells:

 Spells                   Type           Power        Failure   Level  Hunger
 Blade Hands              Tmut           ##........   71%         5    ######.
 Ice Form                 Ice/Tmut       #.......     65%         4    #####..


Dungeon Overview and Level Annotations

Branches:
Dungeon (2/15)

Altars:


Innate Abilities, Weirdness & Mutations

You cannot wear armour.
You are incapable of wielding weapons or throwing items.
Your paws allow you to move quietly. (Stealth)
You have sharp claws.
You have razor-sharp teeth.
You have supernaturally acute eyesight. (SInv)
You are carnivorous and can eat meat at any time.
You cover ground quickly.
You are covered in fur. (AC +1)
You have a slow metabolism.
Your sharp claws are effective at attacking unaware monsters.


Message History

The adder misses you. x2
You barely miss the adder. Your bite misses the adder.
The adder is severely wounded.
The adder closely misses you.
You scratch the adder but do no damage.
The adder is severely wounded.
The adder closely misses you.
You scratch the adder. Your bite misses the adder.
The adder is almost dead.
You feel sick. The adder bites you.
* * * LOW HITPOINT WARNING * * *
You miss the adder.
The adder is almost dead.
The adder completely misses you.
It was a potion of cancellation.
Your magical effects are unravelling.
You feel magically purged.
Your horns disappear.
The adder bites you.
You die...

............#
#.# .
.#####.###.##
#.# #.# #.##
#.# #.# #...#
#.# #.# ###
#.# ##.# #.#
#..# ..# #.##
#.# #.# #.#
#@# #S# #b#
#.# #.# ...
... ###


You could see an adder and a bat.

Vanquished Creatures
  An adder (D:2)
  An ooze (D:1)
  3 dart slugs
  3 leopard geckos (D:1)
  2 ball pythons
  A bat (D:1)
  4 giant cockroaches
  3 goblins
  4 hobgoblins (D:1)
  4 jackals (D:2)
  3 kobolds (D:1)
  4 frilled lizards (D:1)
  3 rats
36 creatures vanquished.

Notes
Turn   | Place    | Note
-------+----------+-------------------------------------------
     0 | D:1      | inc the Felid Transmuter began the quest for the Orb.
     0 | D:1      | Reached XP level 1. HP: 9/9 MP: 4/4
    78 | D:1      | Reached skill level 3 in Transmutations
    78 | D:1      | Reached XP level 2. HP: 8/12 MP: 4/6
   560 | D:1      | Reached XP level 3. HP: 15/15 MP: 7/7
   582 | D:1      | Learned a level 2 spell: Sticks to Snakes
   586 | D:1      | Learned a level 3 spell: Spider Form
   612 | D:1      | Reached skill level 4 in Transmutations
  1606 | D:2      | Slain by an adder

Vault maps used:
D:1:      dpeg_arrival_arbitrary_c, hangedman_abyss_or_decor_stabs, minivault_27

Skill      XL: |  1  2  3 |
---------------+----------+-----
Transmutations | 3 4 |  4.4
Fighting       | |  1.0
Dodging        | |  2.6
Unarmed Combat | |  3.2
Spellcasting   | |  2.0

Action                   || total
-------------------------++-------
Melee: Unarmed           ||   126
       Bite              ||     6
       Punch             ||     1
       Headbutt          ||     1
 Cast: Beastly Appendage ||     9
       Spider Form       ||     1
  Use: Potion            ||     1
 Stab: Sleeping          ||     6
  Eat: Chunk             ||     5
Armor: Skin              ||     8
Dodge: Dodged            ||    99

Table legend:
 A = Spawn XP
 B = Non-spawn XP
 C = Spawn XP percentage of total XP
 D = Spawn monster count
 E = Non-spawn monster count
 F = Spawn count percentage of total count
 G = Total turns spent on level
                    A         B        C        D         E        F      G
               +---------+---------+-------+---------+---------+-------+---------
         Total |       0 |      87 |   0.0 |       0 |      36 |   0.0 |  1606
               +---------+---------+-------+---------+---------+-------+---------
           D:1 |       0 |      56 |   0.0 |       0 |      26 |   0.0 |  1048
           D:2 |       0 |      31 |   0.0 |       0 |      10 |   0.0 |   558
               +---------+---------+-------+---------+---------+-------+---------
